 Dungeon Crawl Stone Soup version 0.14-a0-3295-g3fd807f (webtiles) character file.

2898 Froboctopus the Reanimator (level 9, -2/62 HPs)
             Began as a Mummy Necromancer on Mar 14, 2014.
             Was an Initiate of Kikubaaqudgha.
             Killed from afar by an orc wizard (6 damage)
             ... with a magic dart
             ... on Level 8 of the Dungeon.
             The game lasted 00:24:26 (9673 turns).

Froboctopus the Reanimator (Mummy Necromancer)      Turns: 9673, Time: 00:24:27

HP  -2/62        AC  5     Str 11      XL: 9   Next: 31%
MP  12/24        EV 13     Int 17      God: Kikubaaqudgha [......]
Gold 329         SH  0     Dex 12      Spells:  3 memorised, 13 levels left

rFire  x . .     SeeInvis .     h - +3,+4 dagger (speed)
rCold  + . .     Clarity  .     a - +0 robe
rNeg   + + +     Conserve +     (no shield)
rPois  +         rCorr    .     j - +1 helmet
rElec  .         rRot     +     (no cloak)
SustAb . .       Spirit   .     f - +0 pair of gloves
rMut   .         Warding  .     (no boots)
Saprov . . .     Stasis   .     c - amulet of conservation {unknown}
MR     +....                    (no ring)
                                (no ring)

@: somewhat resistant to hostile enchantments, unstealthy
A: no food or potions, fire vulnerability, restore body, cold resistance 1, life
protection 3, poison resistance, torment resistance, unbreathing
a: Renounce Religion


You were on level 8 of the Dungeon.
You worshipped Kikubaaqudgha.
Kikubaaqudgha was noncommittal.
You were not hungry.

You visited 2 branches of the dungeon, and saw 9 of its levels.

You collected 329 gold pieces.

Inventory:

Hand weapons
 h - a +3,+4 dagger of speed (weapon)
Armour
 a - a +0 robe (worn)
 f - a +0 pair of gloves (worn)
 j - a +1 helmet (worn)
Magical devices
 l - a wand of lightning (1)
 m - a wand of disintegration (14)
 o - a wand of confusion (18)
Scrolls
 d - 2 scrolls of enchant weapon II
 e - 11 scrolls of identify
 g - a scroll of enchant weapon I
 i - 4 scrolls of fear
 k - 2 scrolls of blinking
 n - 3 scrolls of teleportation
Jewellery
 c - an amulet of conservation (around neck) {unknown}
Books
 b - a book of Necromancy

   Spells                             Type                      Level
   *Pain                              Necromancy                   1
   Animate Skeleton                   Necromancy                   1
   Lethal Infusion                    Charms/Necromancy            2
   Vampiric Draining                  Necromancy                   3
   Regeneration                       Charms/Necromancy            3
   *Animate Dead                      Necromancy                   4
   *Control Undead                    Necromancy                   4
Magical staves
 p - an uncursed staff of cold


   Skills:
 + Level 2.8 Fighting
 + Level 2.9 Dodging
 - Level 1.5 Stealth
 - Level 7.1 Spellcasting
 * Level 10.1 Necromancy


You had 13 spell levels left.
You knew the following spells:

 Your Spells              Type           Power        Failure   Level  Hunger
a - Pain                  Necr           ####         1%          1    N/A
b - Control Undead        Necr           #####.....   1%          4    N/A
c - Animate Dead          Necr           N/A          1%          4    N/A

Dungeon Overview and Level Annotations

Branches:
Dungeon (8/15)             Temple (1/1) D:7
   Lair: D:8-11

Altars:
Ashenzari
Dithmenos
Fedhas
Kikubaaqudgha
Nemelex Xobeh
Sif Muna
Vehumet
Zin

Annotations:
D:3 exclusion: oklob plant
D:8 Joseph


Innate Abilities, Weirdness & Mutations

You do not eat or drink.
Your flesh is vulnerable to fire.
Your flesh is cold resistant.
You are immune to negative energy.
Your system is resistant to poisons.
You are immune to unholy pain and torment.
You can survive without breathing.


Message History

The orc barely misses you.
You hear some strange, mumbled words.
The puff of frost misses you.
Your worker ant zombie bites the orc.
The orc priest invokes the aid of Beogh against you.
Something smites you! Something hits you but does no damage.
Your worker ant zombie misses the orc.
The orc wizard casts a spell.
The orc wizard blinks!
The orc priest mumbles some strange prayers to Beogh against you.
Something smites you!
* * * LOW HITPOINT WARNING * * *
The orc hits your worker ant zombie with a glowing war axe!
Your worker ant zombie bites the orc.
The orc dies!
Kikubaaqudgha accepts your slave's kill.
The orc wizard gestures at you while chanting.
The magic dart hits you!
You die...
Kikubaaqudgha rasps: "You have failed me!
Welcome... oblivion!"

##.##..............
................$....
..................... #
#....................
#..#....................
....#...................
#.....#.................
.###.....................
........@..o.............
.........o.).......)......
.........Z.........)......
..........................
.......[)!z................
#.........)................
....#.z....................
#.z...#.#...#.....#....
#..#..###......#.##..#.


You could see an orc priest, an orc wizard, a friendly worker ant zombie, a
friendly scorpion zombie, a friendly kobold zombie and a friendly ogre zombie.

Vanquished Creatures
  4 ogres
  A phantom (D:7)
  2 centaurs (D:7)
  3 sky beasts
  A big kobold (D:8)
  A giant frog (D:6)
  3 scorpions
  A crimson imp (D:8)
  An iguana (D:6)
  3 hounds
  2 orc priests (D:6)
  2 big fish (D:3)
  3 orc wizards
  6 worker ants
  A sky beast zombie (D:8)
  9 adders
  8 gnolls
  A giant mite (D:4)
  A worm (D:3)
  5 giant geckos
  8 orcs
  3 ball pythons
  18 bats
  8 goblins
  17 hobgoblins
  4 oozes
  5 giant cockroaches
  3 giant newts
  2 goblin zombies (D:5)
  15 kobolds
  An orc skeleton (D:4)
  2 quokkas
  15 rats
159 creatures vanquished.

Vanquished Creatures (collateral kills)
  Erolcha (D:8)
  A black bear (D:7)
  2 ogres
  A scorpion (D:6)
  A jelly (D:6)
  3 wights (D:7)
  A hound (D:7)
  An iguana (D:6)
  A worker ant (D:7)
  An adder (D:3)
  A shadow imp (D:7)
  3 gnolls
  A worm (D:2)
  An orc zombie (D:6)
  A giant gecko (D:5)
  2 oozes
  An orc (D:8)
  A giant newt (D:6)
  A goblin zombie (D:5)
  A kobold zombie (D:8)
  A rat (D:2)
27 creatures vanquished.

Vanquished Creatures (others)
  A big kobold zombie (D:8)
  A hound zombie (D:2)
  A worker ant zombie (D:7)
  3 adder zombies (D:3)
  A giant gecko zombie (D:7)
  A giant mite zombie (D:4)
  A giant newt zombie (D:6)
  A gnoll zombie (D:6)
  2 hobgoblin zombies
  3 kobold zombies
  4 orc zombies
  A rat zombie (D:5)
20 creatures vanquished.

Grand Total: 206 creatures vanquished

Notes
Turn   | Place    | Note
--------------------------------------------------------------
     0 | D:1      | Froboctopus, the Mummy Necromancer, began the quest for the Orb.
     0 | D:1      | Reached XP level 1. HP: 13/13 MP: 3/3
   315 | D:1      | Reached XP level 2. HP: 7/19 MP: 0/4
  1077 | D:2      | Reached XP level 3. HP: 22/24 MP: 0/6
  1184 | D:2      | Found a shadowy altar of Dithmenos.
  1430 | D:2      | Reached XP level 4. HP: 26/30 MP: 3/9
  1451 | D:2      | Reached skill level 5 in Necromancy
  1643 | D:2      | Learned a level 4 spell: Control Undead
  1648 | D:2      | Learned a level 4 spell: Animate Dead
  1996 | D:2      | Reached XP level 5. HP: 7/35 MP: 4/11
  3382 | D:2      | Reached skill level 6 in Necromancy
  3484 | D:2      | Reached XP level 6. HP: 25/41 MP: 8/15
  3682 | D:3      | Found a blossoming altar of Fedhas.
  3741 | D:3      | Noticed an oklob plant
  5079 | D:4      | Reached skill level 7 in Necromancy
  5079 | D:4      | Reached XP level 7. HP: 46/46 MP: 11/17
  5123 | D:4      | Found a sparkling altar of Nemelex Xobeh.
  5480 | D:4      | Found a sparkling altar of Nemelex Xobeh.
  5480 | D:4      | Found a radiant altar of Vehumet.
  5779 | D:5      | Entered Level 5 of the Dungeon
  5968 | D:5      | Reached skill level 5 in Spellcasting
  7054 | D:6      | Reached skill level 8 in Necromancy
  7054 | D:6      | Reached XP level 8. HP: 33/52 MP: 14/21
  8195 | D:7      | Found a staircase to the Ecumenical Temple.
  8204 | Temple   | Entered the Ecumenical Temple
  8223 | Temple   | Became a worshipper of Kikubaaqudgha
  8386 | D:7      | Reached skill level 9 in Necromancy
  8768 | D:7      | Reached skill level 1 in Fighting
  9204 | D:8      | Noticed Joseph
  9244 | D:8      | Reached XP level 9. HP: 57/59 MP: 5/24
  9475 | D:8      | Noticed Erolcha
  9500 | D:8      | Killed Erolcha
  9500 | D:8      | Reached skill level 10 in Necromancy
  9673 | D:8      | Killed from afar by an orc wizard

Action                   |  1- 3 |  4- 6 |  7- 9 || total
-------------------------+-------+-------+-------++-------
Melee: Unarmed           |    12 |       |       ||    12
       Dagger            |    17 |    38 |    89 ||   144
 Cast: Pain              |    61 |   143 |   233 ||   437
       Animate Dead      |       |    14 |    25 ||    39
       Control Undead    |       |       |     1 ||     1
Evoke: Wand              |       |     1 |     2 ||     3
  Use: Scroll            |       |     6 |     5 ||    11
